 Dungeon Crawl Stone Soup version 0.31-a0-978-g1e143483b6 (webtiles) character file.

Game seed: 6222001019363376063

186 Arzdou the Cudgeller (level 5, -1/43 HPs)
             Began as an Armataur Gladiator on Oct 30, 2023.
             Killed from afar by an orc wizard (5 damage)
             ... with a puff of flame
             ... on level 3 of the Dungeon.
             The game lasted 00:02:48 (2370 turns).

Arzdou the Cudgeller (Armataur Gladiator)           Turns: 2370, Time: 00:02:49

Health: -1/43      AC:  6    Str: 19    XL:     5   Next: 38%
Magic:  5/5        EV: 10    Int:  8    God:
Gold:   139        SH:  0    Dex: 14    Spells: 4/4 levels left

rFire   . . .        a - +0 flail
rCold   + . .        (no shield)
rNeg    . . .        h - +1 robe {rC+}
rPois   .            c - +0 helmet
rElec   .            (no cloak)
rCorr   .            (no gloves)
SInv    .            (no barding)
Will    .....        (no amulet)
Stlth   +            (no ring)
HPRegen 0.27/turn    (no ring)
MPRegen 0.09/turn

%: roll
@: no status effects
A: large, rugged brown scales 3, deformed body, armoured tail, roll, long
tongue, awkward tongue
a: no special abilities


You were on level 3 of the Dungeon.
You visited 1 branch of the dungeon, and saw 3 of its levels.

You collected 139 gold pieces.

Inventory:

Hand Weapons
 a - a +0 flail (weapon)
Missiles
 d - 3 throwing nets (quivered)
 e - a javelin
Armour
 b - a +0 leather armour
 c - a +0 helmet (worn)
 h - a +1 robe of cold resistance (worn)
Jewellery
 i - a +6 ring of intelligence
Scrolls
 f - 4 scrolls of vulnerability {unknown}
 j - a scroll of identify {unknown}
 m - a scroll of teleportation {unknown}
 n - a scroll of enchant armour {unknown}
 o - a scroll of fear {unknown}
Potions
 g - a potion of mutation {unknown}
 k - a potion of lignification {unknown}
 l - 2 potions of curing {unknown}


   Skills:
 - Level 1.8 Fighting
 + Level 5.5 Maces & Flails
 - Level 1.8 Throwing
 - Level 2.2 Dodging


You had 4 spell levels left.
You didn't know any spells.
Your spell library was empty.

Dungeon Overview and Level Annotations

Branches:
Dungeon (3/15)

Altars:

Shops:
D:2 =


Innate Abilities, Weirdness & Mutations

You are completely covered in rugged brown scales. (AC +3, +7% HP)
Armour fits poorly on your strangely shaped body.
You have a long armoured tail.
You roll when moving toward enemies. (Rampage)
Your long tongue fully drains potion bottles. (2x potion effects)
Your tongue gives you trouble enunciating. (1.5x scroll delay)


Message History

The orc hits you but does no damage. x2
You miss the orc.
The orc wizard hits you but does no damage.
The orc closely misses you. x2
You bump into the rock wall.
You feel less confused.
The orc wizard gestures at you while chanting.
You resist with some effort. The orc closely misses you.
The orc barely misses you.
You miss the orc wizard.
The orc wizard is moderately wounded.
The orc wizard hits you but does no damage.
The orc hits you but does no damage. The orc barely misses you.
You closely miss the orc wizard.
The orc wizard is moderately wounded.
The orc wizard hits you with a +0 dagger.
The orc hits you but does no damage. x2
You closely miss the orc wizard.
The orc wizard is moderately wounded.
The orc wizard hits you with a +0 dagger.
The orc hits you but does no damage. The orc barely misses you.
You hit the orc wizard.
The orc wizard is severely wounded.
The orc wizard gestures at you while chanting.
You resist with some effort. The orc hits you but does no damage.
The orc hits you with a +0 flail.
You hit the orc wizard.
The orc wizard is almost dead.
The orc wizard casts a spell at you. The puff of flame hits you.
The orc hits you but does no damage. x2
You hit the orc wizard but do no damage.
The orc wizard is almost dead.
The orc wizard gestures at you while chanting.
The puff of flame hits you.
* * * LOW HITPOINT WARNING * * *
The orc barely misses you. The orc hits you with a +0 flail.
* * * LOW HITPOINT WARNING * * *
The orc wizard gestures at you while chanting.
The puff of flame hits you.
You die...

### ... ###.# ####...#
## #...†###
##.###†##...# .# #####
##... #.###.o#...#
#.... .... #.# #@o..#
#.### ... #.# #o#....#
#.... #.###.###......#
#..##
.######.##...######.##
#..## .............#
#.# #....
######'##...# #.#
#.... ##...##### #.#
#.### ##.....## ###.#
#.... ##.......##
##.#.# ####.


You could see an orc wizard and 2 orcs.

Vanquished Creatures
  Jessica (D:2)
  Natasha (thrice) (D:2)
  2 adders (D:2)
  2 worms (D:2)
  3 dart slugs
  6 endoplasms
  3 giant cockroaches
  8 goblins
  4 hobgoblins
  A quokka (D:2)
  A ball python (D:1)
  9 bats
  2 frilled lizards
  6 kobolds
  6 rats
57 creatures vanquished.

Notes
Turn   | Place    | Note
-------+----------+-------------------------------------------
     0 | D:1      | Arzdou the Armataur Gladiator began the quest for the Orb.
     0 | D:1      | Reached XP level 1. HP: 18/18 MP: 1/1
    10 | D:1      | Found a faded altar of an unknown god.
    43 | D:1      | Reached skill level 3 in Maces & Flails
   106 | D:1      | Reached XP level 2. HP: 17/25 MP: 2/2
   767 | D:2      | Noticed Jessica
   780 | D:2      | Reached XP level 3. HP: 8/31 MP: 3/3
   784 | D:2      | Killed Jessica
   785 | D:2      | Reached skill level 4 in Maces & Flails
   933 | D:2      | Found Neodd's Jewellery Boutique.
   942 | D:2      | Reached XP level 4. HP: 38/38 MP: 4/4
  1211 | D:2      | Noticed Natasha
  1215 | D:2      | Killed Natasha
  1293 | D:2      | Noticed Natasha
  1304 | D:2      | Killed Natasha
  1305 | D:2      | Reached skill level 5 in Maces & Flails
  1435 | D:2      | Reached XP level 5. HP: 43/43 MP: 5/5
  1476 | D:2      | Found Neodd's Jewellery Boutique.
  1725 | D:2      | Noticed Natasha
  1730 | D:2      | Killed Natasha
  2370 | D:3      | Killed from afar by an orc wizard

Illustrated notes

Levels and vault maps discovered:
D:1:      dpeg_arrival_simpleton_b, layout_loops_ring,
          hellmonk_ecumenical_altar_run_dry, chequers_serial_rivers_micro_a
D:2:      layout_basic, serial_shops, shop, grunt_decor_fettered,
          corexii_item_surrounded_by_moat, uniq_natasha, uniq_jessica
D:3:      layout_loops_corners

Skill      XL: |  1  2  3  4 |
---------------+-------------+-----
Maces & Flails | 3 4 5 |  5.5
Fighting       | |  1.8
Throwing       | |  1.8
Dodging        | |  2.2

Action                     |  1- 3 |  4- 6 || total
---------------------------+-------+-------++-------
  Melee: Flail             |    72 |    94 ||   166
         Tailslap          |    10 |     7 ||    17
   Stab: Sleeping          |     1 |       ||     1
 Armour: Leather armour    |    55 |       ||    55
         Robe              |     1 |    78 ||    79
  Dodge: Dodged            |    35 |    42 ||    77

Table legend: (Time is in decaauts)
 A = Elapsed time spent in this place.
 B = Non-inter-level travel time spent in this place.
 C = Inter-level travel time spent in this place.
 D = Time resting spent in this place.
 E = Time spent auto-exploring this place.
 F = Levels seen in this place.
 G = Mean time per level.
                   A        B        C        D        E       F      G
               +--------+--------+--------+--------+--------+-----+--------+
         Total |   2406 |   2366 |     40 |      0 |   1976 |   3 |  802.0 |
       Dungeon |   2406 |   2366 |     40 |      0 |   1976 |   3 |  802.0 |
               +--------+--------+--------+--------+--------+-----+--------+

Top non-repeatable levels by time:
     D:2: 1150 daAuts
     D:1: 753 daAuts
     D:3: 502 daAuts
